AoeStats
← Tegernseer1847

Black Forest

507353344Analyzed
4v4 RM · 16d ago on Sep 17, 2026· 99m 55s· 8 players
Game mode
Random Map
Map size
Large (8 player)
Population
200
Speed
Normal
Resources
Standard
Victory
Conquest
Starting age
Dark Age
Ending age
Imperial Age
RankedLock teamsTeams togetherTeam positionsShared explorationLock speedFull tech treeHidden civsTurbo modeCheats
Victory
Defeat
🇬🇧 Spanish · United Kingdom
547
+12
🇪🇸 Khmer · Spain
523
+13
🇺🇸 Britons · United States
517
+13
🇪🇸 Burgundians · Spain
466
+14
🇬🇧 Chinese · United Kingdom
467
-14
🇬🇧 Malay · United Kingdom
454
-13
🇬🇧 Bengalis · United Kingdom
454
-13
🇩🇪 Khmer · Germany
411
-12
Tegernseer1847
1:15 Loom
13:22 Feudal Age
15:03 Wheelbarrow
14:20 Double-Bit Axe
20:22 Horse Collar
23:52 Bloodlines
27:57 Castle Age
29:32 Hand Cart
30:05 Scale Barding Armor
30:00 Scale Mail Armor
30:11 Forging
33:37 Chain Barding Armor
33:33 Chain Mail Armor
33:53 Iron Casting
34:10 Heavy Plow
34:24 Bow Saw
38:27 Imperial Age
36:15 Husbandry
35:35 Light Cavalry
37:38 Caravan
39:10 Double Crossbow
39:50 Heavy Scorpion
41:37 Gold Mining
41:38 Stone Mining
42:49 Crop Rotation
44:01 Conscription
47:53 Plate Barding Armor
48:19 Blast Furnace
51:38 Fortified Wall
52:50 Gold Shaft Mining
54:47 Hussar
b1gdave007
13:51 Feudal Age
15:48 Man-at-Arms
34:00 Castle Age
36:22 Crossbowman
43:04 Imperial Age
43:06 Arbalester
47:53 Siege Elephant
49:24 Onager
66:26 Elite Skirmisher
67:25 Scale Barding Armor
67:21 Scale Mail Armor
67:21 Padded Archer Armor
71:33 Ballistics
71:04 Heated Shot
92:54 Elite Elephant Archer
I_suxatgaming
11:37 Feudal Age
14:22 Horse Collar
14:30 Double-Bit Axe
14:45 Town Watch
17:51 Wheelbarrow
18:34 Gold Mining
22:38 Castle Age
26:07 Stone Mining
28:38 Gold Shaft Mining
28:38 Stone Shaft Mining
33:08 Hand Cart
33:11 Bow Saw
37:21 Imperial Age
37:30 Bloodlines
37:37 Town Patrol
39:52 Thumb Ring
40:55 Chemistry
40:17 Ballistics
40:11 Fortified Wall
40:18 Masonry
41:10 Scale Mail Armor
41:11 Padded Archer Armor
41:16 Scale Barding Armor
41:20 Cavalier
42:16 Murder Holes
42:19 Fletching
42:39 Loom
43:29 Conscription
44:19 Crossbowman
45:10 Pikeman
45:51 Squires
49:38 Halberdier
50:23 Heavy Rocket Cart
51:19 Heavy Cavalry Archer
53:02 Chain Barding Armor
52:57 Chain Mail Armor
52:58 Leather Archer Armor
52:54 Forging
52:33 Elite Fire Lancer
53:36 Husbandry
54:47 Plate Barding Armor
54:08 Bodkin Arrow
54:08 Arbalester
56:42 Caravan
64:02 Elite Skirmisher
67:32 Great Wall
67:54 Rocketry
66:56 Elite Chu Ko Nu
67:08 Sappers
71:56 Ring Archer Armor
71:57 Plate Mail Armor
72:02 Iron Casting
71:27 Bracer
72:00 Architecture
71:51 Bombard Tower
71:17 Arrowslits
71:22 Guard Tower
85:53 Light Cavalry
Rach89
0:35 Loom
17:27 Feudal Age
18:12 Wheelbarrow
17:24 Town Watch
18:11 Man-at-Arms
28:08 Castle Age
30:22 Hand Cart
30:08 Town Patrol
30:03 Horse Collar
33:39 Gold Mining
33:40 Stone Mining
35:29 Caravan
36:01 Coinage
35:22 Double-Bit Axe
35:55 Scale Barding Armor
35:51 Padded Archer Armor
35:41 Fletching
36:02 Forging
35:17 Crossbowman
36:32 Light Cavalry
37:45 Guard Tower
38:17 Ballistics
38:35 Masonry
38:43 Heavy Plow
40:30 Murder Holes
42:06 Gold Shaft Mining
42:07 Stone Shaft Mining
42:12 Elite Skirmisher
42:58 Thumb Ring
50:37 Imperial Age
49:49 Husbandry
50:08 Leather Archer Armor
49:49 Bodkin Arrow
50:30 Iron Casting
50:40 Keep
49:57 Heated Shot
51:14 Chemistry
51:06 Thalassocracy
50:47 Long Swordsman
50:48 Pikeman
53:02 Bow Saw
52:33 Elite Karambit Warrior
53:54 Crop Rotation
52:52 Two-Handed Swordsman
53:33 Squires
53:19 Arson
55:04 Halberdier
55:07 Cavalier
57:06 Bombard Tower
57:19 Ring Archer Armor
60:37 Bracer
61:38 Blast Furnace
60:30 Arbalester
68:53 Elite Battle Elephant
71:12 Forced Levy
71:37 Conscription
LL KID CASH LL
0:30 Loom
12:15 Feudal Age
12:50 Town Watch
13:01 Double-Bit Axe
13:51 Horse Collar
15:34 Wheelbarrow
18:24 Gold Mining
18:41 Stone Mining
28:52 Castle Age
28:47 Arson
29:16 Bloodlines
29:57 Caravan
30:29 Coinage
30:32 Bow Saw
30:32 Heavy Plow
30:46 Fervor
33:42 Stone Shaft Mining
33:25 Herbal Medicine
35:49 Hand Cart
36:52 Sanctity
36:34 Guard Tower
37:26 Ballistics
37:38 Murder Holes
37:37 Fletching
40:37 Inquisition
40:49 Husbandry
41:06 Masonry
41:05 Scale Barding Armor
41:12 Forging
41:03 Scale Mail Armor
41:07 Squires
40:55 Gambesons
41:56 Town Patrol
46:59 Imperial Age
46:55 Light Cavalry
47:56 Guilds
48:17 Banking
48:51 Two-Man Saw
48:32 Arrowslits
48:44 Elite Conquistador
50:09 Chain Barding Armor
52:38 Plate Barding Armor
52:00 Bodkin Arrow
51:30 Pikeman
51:31 Man-at-Arms
51:35 Elite Skirmisher
53:59 Keep
54:25 Chemistry
54:03 Architecture
56:10 Hoardings
55:06 Sappers
55:58 Supremacy
56:00 Conscription
56:36 Iron Casting
56:04 Padded Archer Armor
56:29 Halberdier
58:19 Chain Mail Armor
60:06 Blast Furnace
59:39 Plate Mail Armor
59:11 Bracer
59:13 Long Swordsman
67:25 Devotion
67:46 Heresy
67:42 Block Printing
68:03 Theocracy
67:54 Illumination
67:30 Atonement
67:42 Redemption
68:52 Leather Archer Armor
68:48 Thumb Ring
68:06 Heavy Cavalry Archer
68:12 Cavalier
68:14 Hussar
70:09 Faith
74:05 Paladin
79:06 Ring Archer Armor
78:08 Two-Handed Swordsman
Cy3747
10:52 Feudal Age
13:10 Wheelbarrow
13:40 Horse Collar
18:47 Double-Bit Axe
19:19 Gold Mining
20:38 Stone Mining
25:40 Castle Age
28:15 Scale Mail Armor
28:17 Padded Archer Armor
28:08 Fletching
28:51 Hand Cart
28:57 Hand Cart
29:34 Bow Saw
29:28 Heavy Plow
30:59 Caravan
34:43 Bodkin Arrow
35:03 Leather Archer Armor
35:51 Gold Shaft Mining
37:07 Squires
36:53 Gambesons
36:29 Pikeman
39:57 Imperial Age
40:30 Chain Mail Armor
42:10 Two-Man Saw
42:21 Halberdier
43:13 Bracer
43:44 Ring Archer Armor
43:45 Plate Mail Armor
45:41 Forging
45:57 Conscription
45:00 Elite Longbowman
47:22 Fortified Wall
tvales
1:04 Loom
18:07 Feudal Age
17:31 Wheelbarrow
17:27 Double-Bit Axe
17:28 Horse Collar
19:04 Stone Mining
19:04 Gold Mining
19:06 Town Watch
20:16 Man-at-Arms
21:57 Hand Cart
22:58 Bow Saw
23:50 Fletching
24:49 Heavy Plow
26:55 Gold Shaft Mining
26:56 Stone Shaft Mining
32:06 Castle Age
33:36 Forging
33:27 Scale Mail Armor
33:33 Scale Barding Armor
33:29 Padded Archer Armor
34:28 Bodkin Arrow
34:40 Town Patrol
35:48 Two-Man Saw
35:21 Crop Rotation
37:02 Elite Skirmisher
38:42 Burgundian Vineyards
40:42 Cavalier
41:52 Murder Holes
42:20 Ballistics
42:11 Masonry
43:05 Guilds
43:14 Caravan
47:15 Imperial Age
46:46 Iron Casting
46:26 Chain Mail Armor
46:58 Herbal Medicine
47:49 Chain Barding Armor
47:47 Leather Archer Armor
49:06 Hoardings
49:51 Chemistry
50:39 Bracer
51:08 Bombard Tower
50:34 Arrowslits
52:20 Architecture
52:55 Blast Furnace
61:52 Elite Coustillier
63:26 Plate Mail Armor
63:32 Plate Barding Armor
63:20 Block Printing
63:31 Illumination
63:27 Sanctity
63:18 Redemption
66:42 Treadmill Crane
71:21 Long Swordsman
71:21 Pikeman
72:02 Squires
71:30 Paladin
74:53 Husbandry
77:06 Two-Handed Swordsman
77:07 Halberdier
87:04 Fortified Wall
94:39 Champion
94:49 Crossbowman
94:56 Light Cavalry
95:03 Onager
95:04 Capped Ram
ruben92_7
12:47 Feudal Age
14:09 Wheelbarrow
26:08 Castle Age
30:55 Hand Cart
35:36 Imperial Age
36:26 Double Crossbow
36:45 Tusk Swords
38:54 Elite Ballista Elephant
39:11 Elite Ballista Elephant
47:31 Double Crossbow
47:47 Double Crossbow
48:35 Cavalier
49:19 Husbandry
Connection lost

Rejoining the realm…

Still unreachable

The connection could not be restored.

Session expired

The server has moved on; the page needs a fresh start.